 Dungeon Crawl Stone Soup version 0.31.0-9-g3a7656b989 (console) character file.

Game seed: 9138662459838216776

7529 AlterAsc the Mimic (level 11, -9/69 HPs)
             Began as an Octopode Shapeshifter on Jan 25, 2024.
             Was an Initiate of Gozag.
             Mangled by a black mamba (18 damage)
             ... on level 1 of the Lair of Beasts.
             The game lasted 00:40:15 (11815 turns).

AlterAsc the Mimic (Octopode Shapeshifter)         Turns: 11815, Time: 00:40:16

Health: -9/69      AC:  1    Str: 17    XL:     11   Next: 16%
Magic:  11/11      EV: 17    Int: 12    God:    Gozag
Gold:   63         SH:  5    Dex: 13    Spells: 10/10 levels left

rFire   + .          .
                       - Unarmed
rCold   + + .        (shield currently unavailable)
rNeg    + . .        (helmet restricted)
rPois   +            C - amulet "Hicyppe" {Reflect rC+ Will+ SH+5}
rElec   +            i - ring of positive energy
rCorr   +            (no ring)
SInv    .            (no ring)
Will    +....        (no ring)
Stlth   +            (no ring)
HPRegen 0.31/turn    (no ring)
MPRegen 0.12/turn    (no ring)
                     (no ring)

%: reflection
@: lethally poisoned (-9 -> -26), flux-form, resistant, glowing, invisible (but
backlit and visible)
A: glow, contaminating, almost no armour, amphibious, 8 rings, camouflage 1,
gelatinous body 1, (nimble swimmer 1), tentacles
a: Begin Untransformation, Renounce Religion, Potion Petition, Call Merchant,
Bribe Branch


You were on level 1 of the Lair of Beasts.
You worshipped Gozag.
Gozag was noncommittal.
You were something dangerously unstable.
You visited 3 branches of the dungeon, and saw 11 of its levels.

You collected 1250 gold pieces.
You spent 739 gold pieces at shops.
You paid 448 gold pieces to Gozag.

Inventory:

Missiles
 o - 3 boomerangs
 t - 9 poisoned darts (quivered)
 A - 14 stones
 D - a curare-tipped dart
Jewellery
 i - a ring of positive energy (left tentacle)
 n - a ring of fire
 B - a +6 ring of intelligence
 C - the amulet "Hicyppe" (around mantle) {Reflect rC+ Will+ SH+5}
   (You bought it in a shop on level 7 of the Dungeon)

   [amulet of reflection]

   Reflect:   It reflects blocked missile attacks.
   rC+:       It protects you from cold.
   Will+:     It increases your willpower.
   SH+5:      It affects your SH (+5).
Talismans
 b - a beast talisman
 c - a flux talisman (active)
 p - a maw talisman
 y - a storm talisman
Wands
 e - a wand of flame (6)
 E - a wand of paralysis (5)
Scrolls
 g - a scroll of enchant armour {unknown}
 j - 2 scrolls of fog {unknown}
 l - 3 scrolls of torment
 r - 5 scrolls of immolation
 s - a scroll of teleportation {unknown}
 v - 2 scrolls of revelation {unknown}
 w - a scroll of poison {unknown}
Potions
 f - a potion of magic {unknown}
 k - a potion of might {unknown}
 q - 2 potions of berserk rage {unknown}
 u - a potion of mutation {unknown}
 F - a potion of brilliance {unknown}


   Skills:
 - Level 4.0 Fighting
 + Level 3.0 Dodging
 - Level 11.0 Unarmed Combat
 + Level 11.8 Shapeshifting


You had 10 spell levels left.
You didn't know any spells.
Your spell library contained the following spells:

 Spells                   Type           Power      Damage    Failure   Level
 Sandblast                Erth           0%         2d4       32%         1
 Blink                    Tloc           0%         N/A       45%         2
 Lesser Beckoning         Tloc           0%         N/A       45%         2
 Momentum Strike          Conj/Tloc      0%         3d8       45%         2
 Passwall                 Erth           0%         N/A       69%         3
 Stone Arrow              Conj/Erth      0%         3d7       69%         3
 Brom's Barrelling Bould  Conj/Erth      0%         2d3       97%         4
 Vhi's Electric Charge    Tloc/Air       0%         N/A       97%         4
 Arcjolt                  Conj/Air       0%         1d10      100%        5
 Haunt                    Necr/Summ      0%         N/A       100%        7
 Infestation              Necr           0%         N/A       100%        8
 Maxwell's Capacitive Co  Air            0%         ∞         100%        8
 Animate Dead             Necr           Unusable   N/A       N/A         4

Dungeon Overview and Level Annotations

Branches:
Dungeon (9/15)             Temple (1/1) D:4            Lair (1/5) D:8
    Orc: D:9-12

Altars:
Ashenzari
Cheibriados
Dithmenos
Fedhas
Gozag
Hepliaklqana
Kikubaaqudgha
Makhleb
Nemelex Xobeh
Okawaru
Qazlal
Ru
Trog
Uskayaw
Vehumet
Wu Jian
Xom
Yredelemnul
Zin
The Shining One

Shops:
D:5 !(   D:7 *

Portals:
Bailey: D:9

Annotations:
D:7 Maurice
Lair:1 exclusions: black mamba and 2 oklob plants


Innate Abilities, Weirdness & Mutations

You are something dangerously unstable.
You glow with magical radiation, making you easy to see and hit.
Foes you strike become dangerously contaminated with magical radiation.
You are incapable of wielding weapons or throwing items.
You cannot wear most types of armour.
You are amphibious.
You can wear up to eight rings at the same time.
Your skin changes colour to match your surroundings (Stealth+).
Your rubbery body absorbs attacks. (AC +1, EV +1)
((You are camouflaged when in or above water. (Stealth+)))
You have tentacles for arms and can constrict up to eight enemies at once.


Message History

You are poisoned.
The black mamba poisons you!
You are too injured to fight recklessly!
You closely miss the black mamba. Your grab misses the black mamba.
You squeeze the black mamba.
The black mamba is lightly wounded.
You feel very sick. The black mamba misses you.
You miss the black mamba. Your grab misses the black mamba.
You squeeze the black mamba, but do no damage.
The black mamba is lightly wounded.
You feel very sick. The black mamba bites you.
* * * LOW HITPOINT WARNING * * *
The black mamba bites you.
* * * LOW HITPOINT WARNING * * *
You are more poisoned.
The black mamba poisons you!
You feel much better.
You feel extremely sick. The black mamba bites you!
* * * LOW HITPOINT WARNING * * *
The black mamba barely misses you.
You closely miss the black mamba. Your grab misses the black mamba.
The black mamba is lightly wounded.
* * * LOW HITPOINT WARNING * * *
You feel very sick. The black mamba misses you.
Okay, then. [a] - 486 gold - resistance and invisibility [b] - 396 gold - resistance and invisibility [c] - 260 gold - haste Purchase which effect?
You no longer have enough gold to petition Gozag for potion effects.
You feel protected.
You become transparent, but the glow from your form prevents you from becoming completely invisible.
* * * LOW HITPOINT WARNING * * *
You feel very sick. The black mamba bites you!!
You die...
Your body crumbles into a pile of gold.

#.........####..##
......PP...###...#
.....#.P....###..# ....
####..####..# .....
#........########
......
##...............# P
.....#...#.##.........#
.........####.........#
P ....###..#
#.........# P.... #.S#
#.........#


PP.. ##.p## #.........# .... #...P###.........# ..... ##...##.##########
......##..###### .?.......## ....#.#### . .. ..# ## You could see a black mamba.

Vanquished Creatures
  Pikel (D:4)
  A manticore (D:7)
  A rime drake (D:8)
  Prince Ribbit (D:7)
  Sigmund (D:6)
  2 yaks (D:9)
  3 steam dragons
  6 water moccasins
  Duvessa (D:6)
  5 ice beasts
  2 sky beasts
  An orc warrior (D:7)
  2 black bears
  4 ogres
  8 wolves
  A phantom (D:4)
  2 centaurs
  A lemure (D:4)
  3 kobold brigands
  2 bullfrogs (Lair:1)
  5 scorpions
  Dowan (D:6)
  12 killer bees
  5 howler monkeys
  2 bombardier beetles (D:4)
  2 jellies
  6 hounds
  A gnoll bouda (D:6)
  4 iguanas
  5 orc priests
  A sleepcap (D:4)
  Jessica (D:3)
  4 orc wizards
  Robin (D:4)
  7 adders
  8 gnolls
  2 white imps (D:7)
  2 dart slugs
  2 ribbon worms
  18 orcs
  10 ball pythons
  15 endoplasms
  3 giant cockroaches
  9 hobgoblins
  7 jackals
  3 quokkas (D:1)
  7 bats
  6 frilled lizards
  18 goblins
  16 kobolds
  5 rats
236 creatures vanquished.

Notes
Turn   | Place    | Note
-------+----------+-------------------------------------------
     0 | D:1      | AlterAsc the Octopode Shapeshifter began the quest for the
                  | Orb.
     0 | D:1      | Reached XP level 1. HP: 13/13 MP: 1/1
   119 | D:1      | Reached XP level 2. HP: 16/18 MP: 2/2
   384 | D:1      | Reached XP level 3. HP: 22/23 MP: 3/3
  1112 | D:2      | Reached XP level 4. HP: 28/28 MP: 4/4
  1537 | D:3      | Noticed Jessica
  1541 | D:3      | Killed Jessica
  1542 | D:3      | Reached skill level 5 in Unarmed Combat
  1573 | D:3      | Found a basalt altar of Yredelemnul.
  1754 | D:3      | Found a glowing golden altar of the Shining One.
  2032 | D:4      | Reached XP level 5. HP: 32/33 MP: 5/5
  2050 | D:4      | Noticed a lemure
  2050 | D:4      | Noticed a lemure
  2078 | D:4      | Killed a lemure
  2234 | D:4      | Noticed Pikel
  2262 | D:4      | Killed Pikel
  2263 | D:4      | Reached XP level 6. HP: 38/38 MP: 6/6
  2263 | D:4      | Reached XP level 7. HP: 43/43 MP: 7/7
  2860 | D:4      | Reached XP level 8. HP: 47/48 MP: 8/8
  3126 | D:4      | Reached skill level 10 in Unarmed Combat
  3166 | D:4      | Noticed Robin
  3192 | D:4      | Killed Robin
  3277 | D:4      | Found a staircase to the Ecumenical Temple.
  3279 | D:4      | You fall into a shaft and drop 1 floor!
  3279 | D:5      | Entered Level 5 of the Dungeon
  3281 | D:5      | Found Padwuite's Antique Weapon Shoppe.
  3388 | Temple   | Entered the Ecumenical Temple
  3397 | Temple   | Became a worshipper of Gozag Ym Sagoz the Greedy
  3517 | D:4      | Found a blossoming altar of Fedhas.
  3522 | D:4      | Found a sacrificial altar of Ru.
  4190 | D:5      | Found Qaqixkev's Distillery.
  4205 | D:5      | Bought a potion of lignification for 45 gold pieces
  4356 | D:5      | Reached XP level 9. HP: 30/55 MP: 9/9
  4739 | D:5      | Identified the +0 robe of the Immovable Olives {-Tele
                  | Dex+4}
  4895 | D:6      | Noticed Duvessa
  4895 | D:6      | Noticed Dowan
  5404 | D:6      | Reached skill level 5 in Shapeshifting
  5529 | D:6      | Killed Dowan
  5539 | D:6      | Killed Duvessa
  5973 | D:6      | Noticed Sigmund
  6011 | D:6      | Killed Sigmund
  6515 | D:7      | Noticed a manticore
  6699 | D:7      | Noticed Maurice
  7029 | D:7      | Noticed Prince Ribbit
  7045 | D:7      | Killed Prince Ribbit
  7046 | D:7      | Reached XP level 10. HP: 23/63 MP: 10/10
  7414 | D:7      | Identified the +4 falchion of Orul {antimagic, rPois}
  7946 | D:7      | Found Zunliqaley's General Store.
  7993 | D:7      | Killed a manticore
  9172 | D:7      | Bought the amulet "Hicyppe" {Reflect rC+ Will+ SH+5} for
                  | 694 gold pieces
  9377 | D:8      | Reached skill level 10 in Shapeshifting
 10673 | D:8      | Found a staircase to the Lair.
 10986 | D:9      | Reached XP level 11. HP: 69/69 MP: 11/11
 11082 | D:9      | HP: 3/69 [killer bee (9)]
 11290 | D:9      | Found a flagged portal.
 11423 | Lair:1   | Entered Level 1 of the Lair of Beasts
 11428 | Lair:1   | Noticed an oklob plant
 11478 | Lair:1   | Noticed an oklob plant
 11565 | Lair:1   | Found a stormy altar of Qazlal.
 11692 | Lair:1   | Noticed a five-headed hydra
 11815 | Lair:1   | Mangled by a black mamba

Illustrated notes

Levels and vault maps discovered:
D:1:      dpeg_arrival_ternary, layout_basic
D:2:      layout_basic, kennysheep_flooded_box, minmay_misc_feat_ornament
D:3:      layout_basic, mainiacjoe_overflow_six_doors_small,
          nicolae_tso_swordbearing_angel, uniq_jessica
D:4:      minmay_thinvault, layout_basic, jmf_multi_god_temple2,
          minmay_temple_entry_overgrown, uniq_robin, uniq_pikel
D:5:      layout_basic, serial_shops, nicolae_shop_window_shopping, shop,
          minmay_misc_feat_chi, minivault_5, minmay_misc_feat_tower,
          chequers_avenue, minmay_misc_feat_room
D:6:      layout_gridville, uniq_sigmund, uniq_duvessa
D:7:      layout_basic, serial_shops, nicolae_shop_hallway_plus, uniq_maurice,
          uniq_prince_ribbit1
D:8:      layout_loops_corners, hellmonk_lair_entry_icy
D:9:      layout_roguey, david_orc_1_choice, enter_bailey_7, uniq_jeremiah,
          uniq_grum
Temple:   nicolae_temple_elliptical
Lair:1:   layout_small_grid, basic_altar, serial_bayou_lagoon_a, disabler_island

Skill      XL: |  1  2  3  4  5  6  7  8  9 10 11 |
---------------+----------------------------------+-----
Unarmed Combat | 4 5 8 9 11 | 11.0
Fighting       | 2 4 |  4.0
Shapeshifting  | 8 11 | 11.8
Dodging        | 3 |  3.0

Action                     |  1- 3 |  4- 6 |  7- 9 | 10-12 || total
---------------------------+-------+-------+-------+-------++-------
  Melee: Unarmed           |    86 |    49 |   223 |   215 ||   573
         Constrict         |    17 |     9 |    40 |    34 ||   100
         Tentacles         |     9 |     7 |    43 |    59 ||   118
         Punch             |     2 |     1 |    14 |    13 ||    30
         Maw               |       |       |       |     4 ||     4
  Throw: Stone             |       |     6 |    30 |     3 ||    39
         Boomerang         |       |       |    10 |     3 ||    13
         Javelin           |       |       |    12 |     6 ||    18
         Dart              |       |       |       |    19 ||    19
 Invoke: Potion Petition   |       |       |       |     1 ||     1
    Use: Scroll            |       |     4 |     3 |     4 ||    11
         Potion            |       |     1 |     2 |    14 ||    17
   Stab: Sleeping          |     4 |     8 |     5 |     1 ||    18
         Invisible         |       |       |       |     1 ||     1
 Armour: Skin              |    31 |    21 |   131 |   141 ||   324
  Dodge: Dodged            |    60 |    13 |    82 |   156 ||   311
  Block: Other             |       |       |       |    40 ||    40
         Reflection        |       |       |       |     1 ||     1
   Form: Maw               |       |       |       |     1 ||     1
         Flux              |       |       |       |     1 ||     1
